 Dungeon Crawl Stone Soup version 0.27-a0-1189-gb8eb6cee8e (webtiles) character file.

Game seed: 13065491835790897379

0 spiderkeys the Skirmisher (level 1, -2/16 HPs)
             Began as an Octopode Abyssal Knight on May 23, 2021.
             Was a Follower of Lugonu.
             Slain by a small abomination (18 damage)
             ... on level 2 of the Abyss.
             The game lasted 00:01:11 (220 turns).

spiderkeys the Skirmisher (Octopode Abyssal Knight)  Turns: 220, Time: 00:01:11

Health: -2/16      AC:  1    Str: 11    XL:     1   Next: 0%
Magic:  2/2        EV: 13    Int: 14    God:    Lugonu [*.....]
Gold:   10         SH:  0    Dex: 11    Spells: 0/0 levels left

rFire    . . .     SeeInvis .   a - +1 spear
rCold    . . .     Faith    .   (no shield)
rNeg     . . .     Spirit   .   (helmet restricted)
rPois    .         Reflect  .   (no amulet)
rElec    .         Harm     .   (no ring)
rCorr    .         Rampage  .   (no ring)
Will     .....                  (no ring)
Stlth    ++........             (no ring)
HPRegen  0.00/turn              (no ring)
MPRegen  0.08/turn              (no ring)
                                (no ring)
                                (no ring)

@: diseased
A: almost no armour, amphibious, 8 rings, camouflage 1, gelatinous body 1,
(nimble swimmer 1), tentacles
a: Renounce Religion, Depart the Abyss


You were on level 2 of the Abyss.
You worshipped Lugonu.
Lugonu was aware of your devotion.
You visited 0 branches of the dungeon, and saw 0 of its levels.
You visited the Abyss 1 time.

You collected 10 gold pieces.


Innate Abilities, Weirdness & Mutations

You cannot wear most types of armour.
You are amphibious.
You can wear up to eight rings at the same time.
Your skin changes colour to match your surroundings (Stealth+).
Your rubbery body absorbs attacks. (AC +1, EV +1)
((You are camouflaged near water. (Stealth+)))
You have tentacles for arms and can constrict up to eight enemies at once.


   Skills:
 + Level 3.0 Fighting
 + Level 2.0 Polearms
 + Level 2.3 Dodging
 + Level 2.0 Invocations


You couldn't memorise any spells.
You didn't know any spells.
Your spell library contained the following spells:

 Spells                   Type           Power      Damage    Failure   Level
 Corona                   Hex            0%         N/A       28%         1
 Ensorcelled Hibernation  Hex/Ice        0%         N/A       41%         2
 Confusing Touch          Hex            0%         N/A       65%         3
 Dazzling Flash           Conj/Hex       0%         N/A       65%         3
 Tukima's Dance           Hex            0%         N/A       65%         3

Inventory:

Hand Weapons
 a - a +1 spear (weapon)
Potions
 b - a potion of mutation {unknown}
 c - a potion of curing {unknown}

Dungeon Overview and Level Annotations

Branches:
Dungeon (0/15)

Altars:

#≈ ≈§.##.##.#
##≈≈≈≈§§.#..#.
# ≈≈≈≈≈ # ##.#
#.≈≈♣♣≈. .##
#≈≈≈≈≈≈##..####
.§♣≈≈≈≈...##..#
#. ###X###..#
.. ##.
###.....## ##
#.. .#..##x@# .
#.#.# #..#..##
. #### #######


You could see a tentacled starspawn and a small abomination.


Message History

🤖 Initializing magus.rc ...
Options error: Delay interrupt name "hungry" not recognised. (~/.crawlrc:4988) ✅ Successfully initialized magus.rc [v1.9.10] Welcome, spiderkeys the Octopode Abyssal Knight.
The bosom of this dungeon contains the fabled artefact, the Orb of Zot.
Lugonu says: Depart the Abyss and spread corruption, my servant! (use the ability menu to exit the Abyss) Press ? for a list of commands and other information.
Found a corrupted altar of Lugonu.
You pick up a book of Maledictions and begin reading...
You add the spells Corona, Ensorcelled Hibernation, Confusing Touch, Tukima's Dance and Dazzling Flash to your library.
Found a gateway leading out of the Abyss.
You are suddenly pulled into a different region of the Abyss!
b - a scroll labelled JEFUK LOSEMUE
c - a scroll labelled PYENKEME SYTZI Blink to where?
Press: ? - help, Dir - move target
As you read the scroll labelled JEFUK LOSEMUE, it crumbles to dust.
It was a scroll of blinking.
As you read the scroll labelled PYENKEME SYTZI, it crumbles to dust.
You feel momentarily disoriented.
It was a scroll of magic mapping.
Unknown command.
You now have 10 gold pieces.
Found a gateway leading deeper into the Abyss.
There is a gateway leading deeper into the Abyss here.
b - a scroll labelled WAGREI DIETS
As you read the scroll labelled WAGREI DIETS, it crumbles to dust.
The air around you briefly surges with heat, but it dissipates.
It was a scroll of immolation.
A small abomination comes into view.
There is a gateway leading deeper into the Abyss here.
You plunge deeper into the Abyss.
Found a corrupted altar of Lugonu.
b - a white potion
c - an amethyst potion
Found a hazy altar of Hepliaklqana.
A lurking horror comes into view.
A tentacled starspawn comes into view.
Tentacles burst from the starspawn's body! 2 starspawn tentacles come into view.
An iron imp comes into view.
The iron imp shouts!
A large abomination comes into view.
A tentacle flies out from the starspawn's body!
A starspawn tentacle comes into view.
An ancient zyme comes into view.
You feel yourself growing ill in the presence of the ancient zyme.
A smoke demon comes into view.
You feel ill.
You feel ill.
You feel ill.
The small abomination closely misses you.
A tentacle flies out from the starspawn's body!
A starspawn tentacle comes into view.
A starspawn tentacle comes into view.
The small abomination barely misses you.
You hit the small abomination but do no damage.
The small abomination barely misses you.
You hit the small abomination but do no damage.
The small abomination barely misses you.
You hit the small abomination. The small abomination hits you!!
Ouch! That really hurt!
You die...

Action                   || total
-------------------------++-------
Melee: Spear             ||     3
  Use: Scroll            ||     3
Dodge: Dodged            ||     4

Levels and vault maps discovered:
Abyss:2:  base: Temple, base: Temple, serial_sigils_hangedman_shear,
          hangedman_abyss_sting, lemuel_flamethrower_2

Notes
Turn   | Place    | Note
-------+----------+-------------------------------------------
     0 | Abyss:1  | spiderkeys the Octopode Abyssal Knight began the quest for
                  | the Orb.
     0 | Abyss:1  | Reached XP level 1. HP: 16/16 MP: 2/2
     0 | Abyss:1  | magus.rc [v1.9.10]
    25 | Abyss:1  | You pick up a book of Maledictions and begin reading...
    25 | Abyss:1  | You add the spells Corona, Ensorcelled Hibernation,
                  | Confusing Touch, Tukima's Dance and Dazzling Flash to your
                  | library.
   137 | Abyss:1  | Noticed a small abomination
   141 | Abyss:2  | Found a corrupted altar of Lugonu.
   151 | Abyss:2  | Noticed a quasit
   164 | Abyss:2  | Found a hazy altar of Hepliaklqana.
   176 | Abyss:2  | Noticed a tentacled starspawn
   179 | Abyss:2  | Noticed an iron imp
   181 | Abyss:2  | Noticed a large abomination
   186 | Abyss:2  | Noticed a small abomination
   194 | Abyss:2  | Noticed a sixfirhy
   195 | Abyss:2  | Noticed an ancient zyme
   196 | Abyss:2  | Noticed a smoke demon
   220 | Abyss:2  | Slain by a small abomination

Vanquished Creatures (others)
  6 starspawn tentacles (Abyss:2)
6 creatures vanquished.

Table legend:
 A = Non-vault XP
 B = Vault XP
 C = Vault XP percentage of total XP
 D = Non-vault monster count
 E = Vault monster count
 F = Vault count percentage of total count
                 A         B        C        D         E       F
            +---------+---------+-------+---------+---------+-------
      Total |       0 |       0 |   N/A |       0 |       0 |  -nan
            +---------+---------+-------+---------+---------+-------
            +---------+---------+-------+---------+---------+-------

Illustrated notes

Table legend: (Time is in decaauts)
 A = Elapsed time spent in this place.
 B = Non-inter-level travel time spent in this place.
 C = Inter-level travel time spent in this place.
 D = Time resting spent in this place.
 E = Time spent auto-exploring this place.
 F = Levels seen in this place.
 G = Mean time per level.
                   A        B        C        D        E       F      G
               +--------+--------+--------+--------+--------+-----+--------+
         Total |    219 |    219 |      0 |      0 |      0 |   2 |  109.5 |
         Abyss |    219 |    219 |      0 |      0 |      0 |   2 |  109.5 |
               +--------+--------+--------+--------+--------+-----+--------+

Top non-repeatable levels by time:
 Abyss:1: 141 daAuts
 Abyss:2: 78 daAuts
